AoeStats
← Hector

Oasis

508890372Analyzed
4v4 RM · 7d ago on Sep 24, 2026· 27m 51s· 8 players
Game mode
Random Map
Map size
Large (8 player)
Population
200
Speed
Normal
Resources
Standard
Victory
Conquest
Starting age
Dark Age
Ending age
Imperial Age
RankedLock teamsTeams togetherTeam positionsShared explorationLock speedFull tech treeHidden civsTurbo modeCheats
Victory
Defeat
🇭🇰 Saxons · Hong Kong SAR China
1514
+10
🇭🇰 Cumans · Hong Kong SAR China
1445
+12
🇭🇰 Danes · Hong Kong SAR China
1435
+13
🇭🇰 Saracens · Hong Kong SAR China
1367
+14
🇦🇹 Varangians · Austria
1411
-14
🇷🇺 Saracens · Russia
1370
-13
🇲🇴 Franks · Macao SAR China
1356
-12
🇲🇴 Maya · Macao SAR China
1300
-10
HOU
2:35 Loom
9:56 Feudal Age
11:08 Double-Bit Axe
16:03 Forging
19:03 Scale Barding Armor
23:21 Castle Age
21:36 Gold Mining
22:40 Town Watch
24:14 Bow Saw
24:25 Chain Barding Armor
24:07 Husbandry
23:49 Light Cavalry
27:10 Fletching
不講道德
0:27 Loom
10:09 Feudal Age
11:30 Double-Bit Axe
12:00 Fletching
13:48 Horse Collar
15:26 Gold Mining
19:08 Padded Archer Armor
23:30 Castle Age
24:09 Bodkin Arrow
23:35 Crossbowman
24:36 Bow Saw
28:11 Ballistics
Hector
10:30 Feudal Age
15:02 Castle Age
12:57 Horse Collar
13:39 Loom
13:47 Double-Bit Axe
16:21 Bow Saw
18:37 Bloodlines
21:13 Scale Barding Armor
24:27 Chain Barding Armor
25:10 Husbandry
spirrulina
7:32 Loom
9:34 Feudal Age
12:04 Fletching
12:14 Padded Archer Armor
21:56 Loom
Steven S Lee
7:44 Loom
10:02 Feudal Age
11:02 Double-Bit Axe
12:57 Fletching
13:47 Padded Archer Armor
17:09 Wheelbarrow
22:24 Castle Age
23:08 Bodkin Arrow
22:34 Crossbowman
22:36 Elite Skirmisher
25:01 Horse Collar
26:23 Leather Archer Armor
25:55 Town Watch
argum
4:41 Loom
10:45 Feudal Age
12:26 Double-Bit Axe
15:26 Castle Age
13:52 Stone Mining
16:37 Horse Collar
tomcw
5:51 Loom
11:08 Feudal Age
12:16 Double-Bit Axe
14:59 Fletching
21:14 Castle Age
21:22 Crossbowman
22:09 Thumb Ring
23:41 Wheelbarrow
23:25 Padded Archer Armor
23:58 Bow Saw
26:15 Hand Cart
26:48 Leather Archer Armor
Fred's real son
8:59 Feudal Age
9:37 Double-Bit Axe
10:46 Horse Collar
17:50 Wheelbarrow
17:11 Gold Mining
20:33 Castle Age
18:54 Scale Barding Armor
18:49 Loom
20:10 Forging
20:49 Bloodlines
21:40 Bow Saw
22:10 Gold Shaft Mining
22:43 Chain Barding Armor
26:28 Heavy Plow
28:12 Iron Casting
Connection lost

Rejoining the realm…

Still unreachable

The connection could not be restored.

Session expired

The server has moved on; the page needs a fresh start.